AoeStats
← gustavo.chungara.22

Oasis

507373389Analyzed
4v4 RM · 1mo ago on Sep 17, 2026· 77m 20s· 8 players
Game mode
Random Map
Map size
Large (8 player)
Population
200
Speed
Normal
Resources
Standard
Victory
Conquest
Starting age
Dark Age
Ending age
Imperial Age
RankedLock teamsTeams togetherTeam positionsShared explorationLock speedFull tech treeHidden civsTurbo modeCheats
Victory
Defeat
🇦🇷 Aztecs · Argentina
979
+13
🇨🇳 Celts · China
821
+19
🇦🇷 Mongols · Argentina
814
+19
🇦🇷 Romans · Argentina
812
+19
vs
🇪🇸 Franks · Spain
911
-18
🇧🇷 Poles · Brazil
906
-18
🇨🇦 Lithuanians · Canada
900
-18
🇪🇨 Huns · Ecuador
853
-26
Willlin
0:49 Loom
11:25 Feudal Age
12:16 Horse Collar
12:23 Double-Bit Axe
15:16 Gold Mining
16:46 Stone Mining
19:30 Wheelbarrow
22:56 Castle Age
21:50 Forging
21:51 Scale Barding Armor
25:25 Stone Shaft Mining
25:23 Hand Cart
30:41 Hill Forts
34:30 Chain Barding Armor
36:03 Bow Saw
35:56 Heavy Plow
39:14 Iron Casting
41:13 Scale Mail Armor
41:14 Padded Archer Armor
41:04 Fletching
41:22 Caravan
41:53 Coinage
44:42 Imperial Age
41:58 Town Watch
44:50 Chain Mail Armor
44:50 Leather Archer Armor
44:31 Bodkin Arrow
46:41 Two-Man Saw
46:14 Banking
45:54 Guilds
46:39 Conscription
46:21 Tower Shields
46:18 Elite Leitis
49:11 Man-at-Arms
49:52 Squires
49:13 Pikeman
49:39 Arson
49:47 Long Swordsman
50:46 Halberdier
52:50 Bloodlines
52:01 Light Cavalry
55:56 Plate Barding Armor
55:28 Husbandry
sentoginerzarra
0:51 Loom
12:49 Feudal Age
14:05 Wheelbarrow
13:17 Double-Bit Axe
13:26 Stone Mining
13:29 Gold Mining
22:30 Castle Age
21:14 Forging
21:10 Scale Barding Armor
23:52 Hand Cart
24:29 Bow Saw
26:24 Light Cavalry
27:05 Husbandry
31:01 Iron Casting
30:47 Chain Barding Armor
32:14 Gold Shaft Mining
36:56 Imperial Age
35:35 Caravan
36:18 Scale Mail Armor
37:41 #83
37:45 Chivalry
38:11 Conscription
39:05 Blast Furnace
38:41 Plate Barding Armor
38:48 Plate Barding Armor
38:32 Chain Mail Armor
38:10 Heavy Scorpion
38:58 Fletching
40:22 Chemistry
39:28 Siege Engineers
39:44 Ballistics
40:33 Bodkin Arrow
40:07 Cavalier
41:24 Hoardings
40:17 Elite Throwing Axeman
42:23 Plate Mail Armor
41:54 Murder Holes
42:13 Fortified Wall
41:44 Paladin
47:10 Fervor
59:16 Onager
Lordkam20002
0:53 Loom
14:18 Feudal Age
emersomcivil
12:42 Feudal Age
17:20 Castle Age
16:07 Loom
16:25 Double-Bit Axe
24:39 Horse Collar
25:32 Heavy Plow
26:44 Bow Saw
26:48 Gold Mining
26:48 Stone Mining
32:07 Scale Barding Armor
32:13 Forging
33:09 Husbandry
33:19 Bloodlines
36:11 Imperial Age
34:06 Szlachta Privileges
34:33 Chain Barding Armor
34:49 Iron Casting
34:05 Light Cavalry
36:08 Squires
35:53 Arson
36:33 Padded Archer Armor
36:23 Fletching
36:34 Scale Mail Armor
36:57 Cavalier
36:59 Winged Hussar
37:22 Elite Skirmisher
47:51 Conscription
48:36 Blast Furnace
47:52 Leather Archer Armor
47:33 Bodkin Arrow
50:44 Bodkin Arrow
51:05 Chain Mail Armor
51:00 Thumb Ring
61:19 Onager
Nidd
11:00 Feudal Age
11:01 Loom
16:29 Castle Age
15:29 Horse Collar
15:37 Double-Bit Axe
18:09 Squires
19:02 Heavy Plow
22:12 Eagle Warrior
25:44 Pikeman
Adrianca019
11:44 Feudal Age
12:49 Double-Bit Axe
19:34 Castle Age
18:55 Gold Mining
18:56 Stone Mining
18:50 Horse Collar
21:11 Bow Saw
22:21 Stone Shaft Mining
21:49 Heavy Plow
22:50 Gold Shaft Mining
28:24 Wheelbarrow
32:28 Imperial Age
29:48 Loom
31:23 Hand Cart
32:27 Scale Barding Armor
32:13 Fletching
32:23 Padded Archer Armor
32:53 Ballistics
32:56 Onager
34:43 Chemistry
34:25 Chain Barding Armor
34:49 Drill
34:50 Conscription
34:47 Bodkin Arrow
35:07 Siege Engineers
37:13 Bracer
37:29 Leather Archer Armor
36:45 Elite Mangudai
36:55 Elite Mangudai
38:11 Thumb Ring
38:36 Parthian Tactics
39:01 Husbandry
39:12 Bloodlines
38:57 Siege Onager
47:38 Heavy Camel Rider
48:57 Caravan
56:10 Hoardings
gustavo.chungara.22
13:08 Feudal Age
15:18 Horse Collar
15:27 Double-Bit Axe
21:34 Castle Age
22:41 Wheelbarrow
22:46 Bow Saw
22:40 Heavy Plow
26:53 Scale Mail Armor
27:25 Squires
26:49 Pikeman
29:08 Chain Mail Armor
29:03 Forging
31:14 Iron Casting
33:40 Ballistics
40:35 Imperial Age
38:16 Ballistas
38:31 Fortified Wall
38:18 Murder Holes
39:00 Caravan
40:40 Man-at-Arms
40:43 Halberdier
42:28 Blast Furnace
41:36 Long Swordsman
43:18 Chemistry
43:06 Conscription
43:19 Heavy Scorpion
43:57 Fletching
44:20 Siege Engineers
45:39 Onager
47:10 Capped Ram
50:10 Bodkin Arrow
50:16 Padded Archer Armor
50:50 Crop Rotation
52:39 Legionary
52:45 Siege Ram
56:44 Leather Archer Armor
56:34 Scale Barding Armor
56:43 Guilds
57:05 Coinage
57:56 Comitatenses
56:57 Elite Centurion
73:29 Masonry
73:08 Town Watch
73:38 Hand Cart
73:09 Loom
74:18 Spies/Treason
76:25 Sappers
Nick76Luo
10:48 Feudal Age
15:04 Castle Age
13:28 Double-Bit Axe
14:11 Horse Collar
15:59 Bow Saw
16:48 Heavy Plow
20:11 Gold Mining
21:56 Forging
21:38 Fletching
22:48 Stone Mining
24:59 Stone Shaft Mining
25:20 Wheelbarrow
24:33 Town Watch
25:05 Pikeman
25:30 Arson
25:47 Scale Mail Armor
26:22 Iron Casting
34:00 Imperial Age
31:47 Hand Cart
31:18 Loom
31:34 Town Patrol
34:21 Herbal Medicine
34:27 Devotion
34:40 Masonry
34:25 Murder Holes
37:07 Conscription
38:05 Stronghold
38:36 Conscription
39:42 Hoardings
39:44 Chain Mail Armor
40:30 Blast Furnace
40:55 Bodkin Arrow
41:07 Treadmill Crane
41:33 Siege Engineers
42:44 Plate Mail Armor
43:01 Halberdier
43:57 Capped Ram
43:59 Onager
44:07 Heavy Scorpion
44:33 Onager
45:35 Guilds
45:26 Caravan
44:57 Siege Ram
46:53 Furor Celtica
49:44 Chemistry
49:25 Siege Onager
68:48 Ballistics
Connection lost

Rejoining the realm…

Still unreachable

The connection could not be restored.

Session expired

The server has moved on; the page needs a fresh start.